 Dungeon Crawl Stone Soup version 0.28-a0-1152-g9c71ebef14 (webtiles) character file.

Game seed: 5123613095508912984

25 spaghetti the Skirmisher (level 3, -2/39 HPs)
             Began as an Ogre Delver on Dec 14, 2021.
             Slain by a shadow imp (5 damage)
             ... on level 5 of the Dungeon.
             The game lasted 00:00:48 (260 turns).

spaghetti the Skirmisher (Ogre Delver)               Turns: 260, Time: 00:00:48

Health: -2/39      AC:  3    Str: 16    XL:     3   Next: 4%
Magic:  3/3        EV:  9    Int: 13    God:
Gold:   0          SH:  0    Dex: 10    Spells: 2/2 levels left

rFire   . . .      SeeInvis .   a - +0 mace {mace}
rCold   . . .      Faith    .   (no shield)
rNeg    . . .      Spirit   .   b - +0 robe
rPois   .          Reflect  .   (helmet restricted)
rElec   .          Harm     .   (no cloak)
rCorr   .          Rampage  .   (gloves unavailable)
Will    .....                   (boots unavailable)
Stlth   ++........              (no amulet)
HPRegen 0.13/turn               (no ring)
MPRegen 0.08/turn               (no ring)

@: no status effects
A: large, unfitting armour, tough skin 1
a: no special abilities


You were on level 5 of the Dungeon.
You visited 1 branch of the dungeon, and saw 2 of its levels.


Innate Abilities, Weirdness & Mutations

You are too large for most types of armour.
You have tough skin. (AC +1)


   Skills:
 - Level 4.0 Fighting
 + Level 3.1 Maces & Flails
 - Level 1.7 Dodging
 - Level 3.7 Stealth


You had 2 spell levels left.
You didn't know any spells.
Your spell library was empty.

Inventory:

Hand Weapons
 a - a +0 mace (weapon) {mace}
 e - a +0 war axe {axe}
   (You found it on level 6 of the Dungeon)
Armour
 b - a +0 robe (worn)
Wands
 g - a wand of digging (3)
Scrolls
 c - a scroll of fog
 d - a scroll of magic mapping {!r}
Potions
 f - a potion of haste {@q3}

Dungeon Overview and Level Annotations

Branches:
Dungeon (6/15)
 Temple: D:4-7

Altars:

### #########
#.## ##........
##.###.........
#..#..........
##............
##...........
#@>#........
###5.........
##...#######.#
##..### .#
##..## ###..##
##..###
##..#####
###.......#


You could see a shadow imp.


Message History

You barely miss the shadow imp.
The shadow imp hits you but does no damage.
You hit the shadow imp. The shadow imp hits you. 😮 HP[-2]
You take 2 damage, and now have 25/39 hp.
You barely miss the shadow imp. The shadow imp barely misses you.
You closely miss the shadow imp. The shadow imp hits you.
The shadow imp hits you but does no damage. 😮 HP[-1]
You take 1 damage, and now have 24/39 hp.
You hit the shadow imp. The shadow imp gestures at you.
Pain shoots through your body!
* * * LOW HITPOINT WARNING * * *
😨 HP[-10]
You take 10 damage, and now have 14/39 hp.
MASSIVE DAMAGE!! (PAUSE)
Okay, then.
Okay, then.
The shadow imp gestures at you. Pain shoots through your body!
* * * LOW HITPOINT WARNING * * *
😱 HP[-11]
You take 11 damage, and now have 3/39 hp.
MASSIVE DAMAGE!! (PAUSE)
Okay, then. 😱 HP[+1]
As you read the scroll of fear, it crumbles to dust.
You assume a fearsome visage.
The shadow imp looks frightened!
(D) Dungeon
Where to? (? - help)
There is a stone staircase leading down here.
You climb downwards.
There is a stone staircase leading up here.
A jelly is nearby! 😱 HP[+1] Unknown command. 😱 HP[+1]
You open the door.
There is an open door here.
You close the door. 😱 HP[+1]
You open the door.
You hear a slurping noise.
The jelly eats the door!
There is an open door here.
You close the door.
You hear a slurping noise.
The jelly eats the door! 😱 HP[+1]
You see here a +0 war axe {axe}.
e - a +0 war axe {axe} 😱 HP[+1]
A bullfrog skeleton comes into view.
The jelly jiggles. 😨 HP[+1]
There is a stone staircase leading up here.
You climb upwards.
There is a stone staircase leading down here.
Unknown command.
Unknown command.
You start resting.
A shadow imp is nearby! 😨 HP[+3]
You regained 3 hp, and now have 13/39 hp.
Unknown command.
Okay, then.
Okay, then.
Okay, then.
You hit the shadow imp but do no damage.
The shadow imp hits you.
* * * LOW HITPOINT WARNING * * *
😨 HP[-2]
You take 2 damage, and now have 11/39 hp.
Unknown command.
Unknown command.
Okay, then.
Okay, then.
You hit the shadow imp but do no damage.
The shadow imp barely misses you.
You hit the shadow imp. The shadow imp hits you.
* * * LOW HITPOINT WARNING * * *
Unknown command.
Unknown command.
You closely miss the shadow imp. The shadow imp hits you.
* * * LOW HITPOINT WARNING * * *
The shadow imp hits you.
* * * LOW HITPOINT WARNING * * *
😱 HP[-6]
You take 6 damage, and now have 5/39 hp.
Unknown command.
Unknown command.
You hit the shadow imp. The shadow imp hits you.
* * * LOW HITPOINT WARNING * * *
😱 HP[-2]
You take 2 damage, and now have 3/39 hp.
Unknown command.
Unknown command.
You hit the shadow imp. The shadow imp hits you.
You die...

Skill      XL: |  1 |
---------------+----+-----
Maces & Flails | 3 |  3.1
Fighting       | |  4.0
Dodging        | |  1.7
Stealth        | |  3.7

Action                   || total
-------------------------++-------
Melee: Mace              ||    21
  Use: Scroll            ||     1
Armor: Robe              ||     5
Dodge: Dodged            ||     5

Levels and vault maps discovered:
D:5:      layout_cave_pods, mainiacjoe_overflow_large_starburst,
          kennysheep_another_room, hangedman_feature_mirror,
          kennysheep_minor_cross, lemuel_old_faithful
D:6:      layout_loops_corners, grunt_dithmenos_smoke_and_mirrors,
          grunt_ministairs_12, uniq_blork_the_orc

Notes
Turn   | Place    | Note
-------+----------+-------------------------------------------
     0 | D:5      | spaghetti the Ogre Delver began the quest for the Orb.
     0 | D:5      | Reached XP level 1. HP: 24/24 MP: 1/1
     0 | D:5      | magus.rc [v1.9.6]
    32 | D:5      | Reached skill level 3 in Maces & Flails
    32 | D:5      | Reached XP level 2. HP: 18/32 MP: 2/2
    32 | D:5      | Reached XP level 3. HP: 22/39 MP: 3/3
   180 | D:5      | HP: 3/39 [shadow imp/nerve-wracking pain (11)]
   258 | D:5      | HP: 8/39 [shadow imp (3)]
   259 | D:5      | HP: 3/39 [shadow imp (2)]
   260 | D:5      | Slain by a shadow imp

Vanquished Creatures
  A scorpion zombie (D:5)
1 creature vanquished.

Table legend:
 A = Non-vault XP
 B = Vault XP
 C = Vault XP percentage of total XP
 D = Non-vault monster count
 E = Vault monster count
 F = Vault count percentage of total count
                 A         B        C        D         E       F
            +---------+---------+-------+---------+---------+-------
      Total |      36 |       0 |   0.0 |       1 |       0 |   0.0
            +---------+---------+-------+---------+---------+-------
        D:5 |      36 |       0 |   0.0 |       1 |       0 |   0.0
            +---------+---------+-------+---------+---------+-------

Illustrated notes

Table legend:
 A = Kills in this place as a percentage of kills in entire the game.
 B = Kills by you in this place as a percentage of kills by you in the entire game.
 C = Kills by friends in this place as a percentage of kills by friends in the entire game.
 D = Other kills in this place as a percentage of other kills in the entire game.
 E = Experience gained in this place as a percentage of experience gained in the entire game.
 F = Experience gained in this place divided by the number of levels of this place that you have seen.
                   A       B       C       D       E      F
               +-------+-------+-------+-------+-------+----------------------
         Total | 100.0 | 100.0 |   N/A |   N/A | 100.0 |  18.0
       Dungeon | 100.0 | 100.0 |   N/A |   N/A | 100.0 |  18.0
               +-------+-------+-------+-------+-------+----------------------

Table legend: (Time is in decaauts)
 A = Elapsed time spent in this place.
 B = Non-inter-level travel time spent in this place.
 C = Inter-level travel time spent in this place.
 D = Time resting spent in this place.
 E = Time spent auto-exploring this place.
 F = Levels seen in this place.
 G = Mean time per level.
                   A        B        C        D        E       F      G
               +--------+--------+--------+--------+--------+-----+--------+
         Total |    265 |    257 |      8 |    150 |     21 |   2 |  132.5 |
       Dungeon |    265 |    257 |      8 |    150 |     21 |   2 |  132.5 |
               +--------+--------+--------+--------+--------+-----+--------+

Top non-repeatable levels by time:
     D:5: 227 daAuts
     D:6: 38 daAuts
